 Dungeon Crawl Stone Soup version 0.19.5 (webtiles) character file.

51 Santreim the Insei (level 3, 0/28 HPs)
             Began as a Demigod Transmuter on Mar 8, 2017.
             Slain by a gnoll
             ... wielding a +0 halberd
              (11 damage)
             ... on level 2 of the Dungeon.
             The game lasted 00:07:10 (1406 turns).

Santreim the Insei (Demigod Transmuter)             Turns: 1406, Time: 00:07:10

Health: 0/28       AC:  2    Str: 17    XL:     3   Next: 36%
Magic:  7/8        EV: 13    Int: 17    God:
Gold:   50         SH:  0    Dex: 18    Spells: 1 memorised, 5 levels left

rFire  . . .     SeeInvis .       - Unarmed
rCold  . . .     Gourm    .     b - +0 robe
rNeg   + . .     Faith    .     (no shield)
rPois  .         Spirit   .     (no helmet)
rElec  .         Reflect  .     (no cloak)
rCorr  .         Harm     .     (no gloves)
MR     .....                    (boots currently unavailable)
Stlth  ++........               (no amulet)
                                q - +4 ring of strength
                                e - ring of positive energy

@: appendage
A: talons 3, high mp 1
a: End Transformation


You were on level 2 of the Dungeon.
You were not hungry.
You had grown temporary talons.
You visited 1 branch of the dungeon, and saw 2 of its levels.

You collected 50 gold pieces.

Inventory:

Hand Weapons
 g - a +0 dagger
 h - a +0 dagger
 m - a +4 dagger of venom
Missiles
 a - 35 arrows
Armour
 b - a +0 robe (worn)
Jewellery
 e - a ring of positive energy (left hand)
 q - a +4 ring of strength (right hand)
Scrolls
 i - a scroll of teleportation {unknown}
 j - 2 scrolls of enchant armour {unknown}
 l - 2 scrolls of remove curse {unknown}
 o - 3 scrolls of immolation {unknown}
Potions
 f - a potion of curing {unknown}
 k - 3 potions of agility {unknown}
 n - 2 potions of invisibility {unknown}
 p - a potion of heal wounds {unknown}
 r - a potion of cancellation {unknown}
Books
 c - a book of Changes

   Spells                             Type                      Level
   a - Beastly Appendage              Transmutation                1
   b - Sticks to Snakes               Transmutation                2
   c - Spider Form                    Transmutation/Poison         3
   d - Ice Form                       Ice/Transmutation            4
   e - Blade Hands                    Transmutation                5
Comestibles
 d - a chunk of flesh


   Skills:
 + Level 1.1 Fighting
 + Level 2.2 Dodging
 + Level 0.2 Stealth
 + Level 3.3 Unarmed Combat
 + Level 2.1 Spellcasting
 + Level 2.1 Transmutations


You had 5 spell levels left.
You knew the following spells:

 Your Spells              Type           Power        Failure   Level  Hunger
a - Beastly Appendage     Tmut           #.....       10%         1    #......


Dungeon Overview and Level Annotations

Branches:
Dungeon (2/15)


Innate Abilities, Weirdness & Mutations

You have an increased reservoir of magic. (+10% MP)
You have claws for feet.


Message History

You hit Terence.
You kill Terence!
Your Transmutations skill increases to level 2!
You have reached level 3!
Your experience leads to a dramatic increase in your attributes!
Your base attributes are Str 13, Int 17, Dex 16.
Increase (S)trength, (I)ntelligence, or (D)exterity?
You feel agile. x2
You start resting.
Your talons disappear.
You start resting.
Magic restored.
You start resting.
A gnoll comes into view. It is wielding a halberd.
Casting: Beastly Appendage
Confirm with . or Enter, or press ? or * to list all spells.
Your feet morph into talons.
The gnoll shouts!
You hear a shout! x2
The gnoll hits you with a halberd!
You die...

.. #.## # #...
#.#..# #.#..# .[
#..... ....
##..g###....#
#####.#..@)......
.......#.........
####..####..... #
####.## ###.## #
##....# #...# # #
#.....# #...# ###
.##.#.....# #...#
#.. ..........#
#...# #.#
#.###...## #...#
##..


You could see a gnoll.

Vanquished Creatures
  Terence (D:2)
  A leopard gecko (D:1)
  4 goblins
  6 hobgoblins (D:1)
  3 bats
  A frilled lizard (D:1)
  5 kobolds
  3 rats (D:1)
24 creatures vanquished.

Notes
Turn   | Place    | Note
-------+----------+-------------------------------------------
     0 | D:1      | Santreim the Demigod Transmuter began the quest for the Orb.
     0 | D:1      | Reached XP level 1. HP: 15/15 MP: 5/5
   186 | D:1      | Reached skill level 3 in Unarmed Combat
   339 | D:1      | Reached skill level 1 in Fighting
   441 | D:1      | Reached XP level 2. HP: 9/23 MP: 5/7
  1317 | D:2      | Noticed Terence
  1336 | D:2      | Killed Terence
  1336 | D:2      | Reached XP level 3. HP: 5/28 MP: 6/8
  1406 | D:2      | Slain by a gnoll

Skill      XL: |  1  2 |
---------------+-------+-----
Unarmed Combat | 3 |  3.3
Fighting       | 1 |  1.1
Dodging        | 2 |  2.2
Spellcasting   | 2 |  2.1
Transmutations | 2 |  2.1
Stealth        | |  0.2

Action                   || total
-------------------------++-------
Melee: Dagger            ||    16
       Unarmed           ||    63
       Headbutt          ||     4
       Punch             ||     2
       Kick              ||    11
 Cast: Beastly Appendage ||    22
 Stab: Sleeping          ||     2
  Eat: Bread ration      ||     1
Armor: Robe              ||    12
Dodge: Dodged            ||    43
